 Dungeon Crawl Stone Soup version 0.24-a0-441-g27f0392e16 (webtiles) character file.

Game seed: 1704664605476863003

75 KristoblXynda the Slasher (level 4, -1/38 HPs)
             Began as a Draconian Gladiator on June 19, 2019.
             Slain by an iguana (12 damage)
             ... on level 3 of the Dungeon.
             The game lasted 00:02:05 (1276 turns).

KristoblXynda the Slasher (Draconian Gladiator)     Turns: 1276, Time: 00:02:06

Health: -1/38      AC:  5    Str: 17    XL:     4   Next: 11%
Magic:  4/4        EV: 13    Int:  9    God:
Gold:   129        SH:  0    Dex: 12    Spells: 3/3 levels left

rFire    . . .     SeeInvis .   a - +0 long sword
rCold    . . .     Gourm    .   (no shield)
rNeg     . . .     Faith    .   (armour unavailable)
rPois    .         Spirit   .   b - +0 hat
rElec    .         Reflect  .   (no cloak)
rCorr    .         Harm     .   (no gloves)
MR       .....                  (no boots)
Stlth    +.........             (no amulet)
HPRegen  0.12/turn              (no ring)
MPRegen  0.09/turn              (no ring)

@: no status effects
A: unfitting armour, cold-blooded, AC +5
a: no special abilities


You were on level 3 of the Dungeon.
You were not hungry.

You visited 1 branch of the dungeon, and saw 3 of its levels.

You collected 129 gold pieces.

Inventory:

Hand Weapons
 a - a +0 long sword (weapon)
Missiles
 c - 3 throwing nets
 j - 14 poisoned darts (quivered)
Armour
 b - a +0 hat (worn)
Scrolls
 e - a scroll of immolation {unknown}
 f - 2 scrolls of random uselessness {unknown}
 i - a scroll of identify {unknown}
 k - a scroll of remove curse {unknown}
Potions
 g - a potion of curing {unknown}
 h - a potion of brilliance {unknown}
 l - a potion of invisibility {unknown}
Comestibles
 d - 3 rations


   Skills:
 + Level 3.0 Fighting
 * Level 4.0 Long Blades
 - Level 2.0 Throwing
 + Level 3.2 Dodging


You had 3 spell levels left.
You didn't know any spells.
Your spell library was empty.

Dungeon Overview and Level Annotations

Branches:
Dungeon (3/15)

Altars:


Innate Abilities, Weirdness & Mutations

Your plain brown scales are hard. (AC +5)
You cannot fit into any form of body armour.
You are cold-blooded and may be slowed by cold attacks.


Message History

The iguana closely misses you.
You barely miss the iguana.
You tail-slap the iguana, but do no damage.
The iguana is moderately wounded.
The iguana misses you. The iguana closely misses you.
You riposte.
You closely miss the iguana.
Your tail-slap misses the iguana.
The iguana is moderately wounded.
You barely miss the iguana.
The iguana is moderately wounded.
The iguana misses you.
You riposte.
You closely miss the iguana.
Your tail-slap misses the iguana.
The iguana is moderately wounded.
You hit the iguana but do no damage.
The iguana is moderately wounded.
The iguana bites you!
* * * LOW HITPOINT WARNING * * *
You slash the iguana!
The iguana is severely wounded.
The iguana bites you!
You die...

#.# #.# #.# #.#
#.########
#.........
#####(........
#..@lK<....####
#.###o####.....
# #....K.....
............l###
................
................
##.###..####.##.
#. #..# .# #
#### #


You could see an iguana, an orc and a kobold.

Vanquished Creatures
  An adder (D:2)
  2 worms (D:2)
  A dart slug (D:2)
  3 leopard geckos (D:2)
  2 giant cockroaches
  7 goblins
  7 hobgoblins
  5 jackals (D:1)
  7 kobolds
  2 ball pythons
  4 bats
  4 frilled lizards
  7 rats
52 creatures vanquished.

Notes
Turn   | Place    | Note
-------+----------+-------------------------------------------
     0 | D:1      | KristoblXynda the Draconian Gladiator began the quest for
                  | the Orb.
     0 | D:1      | Reached XP level 1. HP: 17/17 MP: 1/1
    93 | D:1      | Reached XP level 2. HP: 25/25 MP: 2/2
   349 | D:1      | Reached XP level 3. HP: 27/30 MP: 3/3
  1112 | D:2      | Reached skill level 4 in Long Blades
  1112 | D:2      | Reached XP level 4. HP: 38/38 MP: 4/4
  1276 | D:3      | Slain by an iguana

Levels and vault maps discovered:
D:1:      dpeg_arrival_arbitrary_c, layout_basic, minmay_unequal
D:2:      layout_rooms, minmay_misc_feat_plants
D:3:      layout_basic, nicolae_overflow_hidden_temple,
          okawaru_metal_pillars_1_2

Skill      XL: |  1  2  3 |
---------------+----------+-----
Throwing       | 2 |  2.0
Dodging        | 3 |  3.2
Fighting       | 3 |  3.0
Long Blades    | 4 |  4.0

Action                   |  1- 3 |  4- 6 || total
-------------------------+-------+-------++-------
Melee: Long sword        |   116 |    15 ||   131
       Tailslap          |    16 |     1 ||    17
 Stab: Sleeping          |     1 |       ||     1
  Eat: Chunk             |       |     1 ||     1
Armor: Skin              |    42 |     1 ||    43
Dodge: Dodged            |    91 |    12 ||   103
       Rpst.: Long sword |    25 |     4 ||    29

Table legend:
 A = Non-vault XP
 B = Vault XP
 C = Vault XP percentage of total XP
 D = Non-vault monster count
 E = Vault monster count
 F = Vault count percentage of total count
                 A         B        C        D         E       F
            +---------+---------+-------+---------+---------+-------
      Total |     100 |       8 |   7.4 |      48 |       4 |   7.7
            +---------+---------+-------+---------+---------+-------
        D:1 |      34 |       8 |  19.0 |      21 |       4 |  16.0
        D:2 |      64 |       0 |   0.0 |      26 |       0 |   0.0
        D:3 |       2 |       0 |   0.0 |       1 |       0 |   0.0
            +---------+---------+-------+---------+---------+-------
